 Dungeon Crawl Stone Soup version 0.16.0-16-g311141a (webtiles) character file.

4436 maniek23 the Covert (level 10, -33/68 HPs)
             Began as a Vampire Enchanter on Mar 19, 2015.
             Killed by the air
             ... invoked by Gastronok
              (62 damage)
             ... on level 8 of the Dungeon.
             The game lasted 00:40:04 (8674 turns).

maniek23 the Covert (Vampire Enchanter)             Turns: 8674, Time: 00:40:04

Health: -33/68     AC:  0    Str:  4    XL:     10   Next: 14%
Magic:  14/24      EV: 26    Int: 17    God:
Gold:   412        SH:  0    Dex: 20    Spells: 5 memorised, 9 levels left

rFire  . . .     SeeInvis +     a - melded +5 dagger
rCold  + . .     Clarity  .     N - melded +2 leather armour {rF+}
rNeg   + + .     SustAb   .     (shield currently unavailable)
rPois  +         Gourm    .     r - melded +0 helmet
rElec  .         Spirit   .     i - melded +0 cloak
rCorr  .         Warding  .     C - melded +1 pair of gloves
rMut   .         Stasis   .     (boots currently unavailable)
MR     +....                    (no amulet)
Stlth  ++++++....               (ring currently unavailable)
                                E - melded ring of sustain abilities (curse)

@: bat-form, flying, regenerating slowly, slowed, quick, somewhat resistant to
hostile enchantments, very stealthy
A: bottle blood, (fangs 0), see invisible, (unbreathing)
a: End Transformation


You were on level 8 of the Dungeon.
You were very thirsty.
You were in vampire-bat-form.
You visited 2 branches of the dungeon, and saw 9 of its levels.

You collected 412 gold pieces.

Inventory:

Hand weapons
 a - a +5 dagger (melded)
 f - a +3 quarterstaff of chaos
 m - a +3 dagger of venom
 s - a +1 hunting sling of flaming
 R - a +1 shortbow of evasion
Missiles
 o - 16 arrows of frost
 t - 13 sling bullets of flame
 y - 3 javelins
 L - 16 arrows of flame
 O - 19 sling bullets
Armour
 b - a +1 robe
 i - a +0 cloak (melded)
 r - a +0 helmet (melded)
 C - a +1 pair of gloves (melded)
 G - a +2 robe of fire resistance
 N - a +2 leather armour of fire resistance (melded)
Jewellery
 E - a cursed ring of sustain abilities (melded)
Magical devices
 w - a wand of paralysis (2)
 P - a wand of magic darts (21)
Scrolls
 j - a scroll of fear {unknown}
 k - a scroll of noise
 p - a scroll of blinking
 v - 2 scrolls of amnesia
 x - 4 scrolls of identify
 D - 4 scrolls of remove curse
 F - a scroll of fog
 H - a scroll of teleportation {unknown}
 J - a scroll of recharging
 Q - a scroll of enchant armour {unknown}
Potions
 d - 15 potions of blood
 e - 3 potions of cancellation
 g - 4 potions of haste
 h - 3 potions of heal wounds
 l - 4 potions of brilliance
 n - 6 potions of curing
 q - a potion of poison
 u - a potion of might
 z - a potion of berserk rage {unknown}
 A - a potion of magic {unknown}
 B - 2 potions of flight
 I - a potion of agility {unknown}
 M - a potion of restore abilities {unknown}
Books
 c - a book of Maledictions

   Spells                             Type                      Level
   a - Corona                         Hexes                        1
   b - Sure Blade                     Hexes/Charms                 2
   c - Ensorcelled Hibernation        Hexes/Ice                    2
   d - Confuse                        Hexes                        3
   e - Dazzling Spray                 Conjuration/Hexes            3
   f - Enslavement                    Hexes                        4


   Skills:
 + Level 2.5 Fighting
 + Level 4.2 Short Blades
 + Level 1.3 Slings
 + Level 1.0 Armour
 + Level 6.4 Dodging
 + Level 11.9 Stealth
 + Level 1.3 Unarmed Combat
 + Level 6.8 Spellcasting
 + Level 0.3 Conjurations
 + Level 10.8 Hexes


You had 9 spell levels left.
You knew the following spells:

 Your Spells              Type           Power        Failure   Level  Hunger
a - Corona                Hex            #####..      1%          1    None
b - Confuse               Hex            #####...     3%          3    ##.....
c - Sure Blade            Hex/Chrm       ###.......   8%          2    None
d - Dazzling Spray        Conj/Hex       ###.....     14%         3    ##.....
e - Enslavement           Hex            #####...     6%          4    ####...


Dungeon Overview and Level Annotations

Branches:
Dungeon (8/15)             Temple (1/1) D:6
   Lair: D:8-11

Altars:
Ashenzari
Dithmenos
Elyvilon
Fedhas
Gozag
Kikubaaqudgha
Makhleb
Nemelex Xobeh
Okawaru
Ru
Trog
Xom
Yredelemnul
Zin
The Shining One

Shops:
D:4 [

Annotations:
D:2 Sigmund
D:8 Gastronok


Innate Abilities, Weirdness & Mutations

You heal slowly.
You can bottle blood from corpses.
((You have razor-sharp teeth.))
You have supernaturally acute eyesight.
((You can survive without breathing.))


Message History

Aim: Gastronok, wearing a glowing hat (chance 19%) Gastronok resists with almost no effort.
Gastronok casts a spell at you.
You feel yourself slow down. Gastronok bites you!
You hit Gastronok! You punch Gastronok, but do no damage. You bite Gastronok.
Gastronok is lightly wounded.
Gastronok waves his eye-stalks in wide circles.
The air twists around and strikes you!
Use which ability? (? or * to list)
You turn into a vampire bat.
Your +5 dagger melds into your body.
Your +0 cloak melds into your body.
Your +0 helmet melds into your body.
Your +1 pair of gloves melds into your body.
Your +2 leather armour of fire resistance melds into your body.
Your cursed ring of sustain abilities melds into your body.
You feel less resistant to fire.
Gastronok waves his eye-stalks in wide circles.
The air twists around and violently strikes you in flight!
Ouch! That really hurt!
You die...

##.## ##.. .#
#..# #..# ...#
#..#####..#
.....
#....##.(.#
......#
##.......(##
.......##
##..######...
........####..##
##(.
.##.......##.###
##.
.......wb...##
## ###.........#
# ##.....####
##...## #...
##.# ##


You could see Gastronok.

Vanquished Creatures
  Pikel (D:4)
  Joseph (D:8)
  Prince Ribbit (D:4)
  A hippogriff (D:7)
  Eustachio (D:4)
  Menkaure (D:4)
  A water moccasin (D:8)
  A black bear (D:5)
  3 centaurs
  3 ogres
  An orc warrior (D:8)
  2 ice beasts
  2 sky beasts
  A big kobold (D:8)
  Blork the orc (D:4)
  2 giant frogs
  5 wights (D:6)
  9 killer bees
  2 centaur zombies
  2 crimson imps
  A jelly (D:7)
  Crazy Yiuf (D:2)
  2 orc priests (D:6)
  A quasit (D:8)
  A gnoll shaman (D:6)
  A centaur skeleton (D:8)
  2 hounds
  6 worker ants
  6 orc wizards
  3 iguanas
  Robin (D:2)
  14 adders
  3 gnolls (D:6)
  2 giant mites (D:5)
  A worm (D:5)
  4 adder zombies
  2 oozes (D:2)
  12 orcs
  3 ball pythons
  13 bats
  A bat zombie (D:5)
  4 giant cockroaches
  18 hobgoblins
  2 jackals (D:8)
  3 giant geckos
  A giant gecko skeleton (D:5)
  2 giant gecko zombies
  2 giant newts (D:1)
  20 goblins
  11 kobolds
  5 quokkas
  13 rats
202 creatures vanquished.

Vanquished Creatures (others)
  A slave (D:4)
  A worm (D:4)
  A kobold (D:4)
3 creatures vanquished.

Grand Total: 205 creatures vanquished

Notes
Turn   | Place    | Note
--------------------------------------------------------------
     0 | D:1      | maniek23, the Vampire Enchanter, began the quest for the Orb.
     0 | D:1      | Reached XP level 1. HP: 13/13 MP: 3/3
    94 | D:1      | Found a shattered altar of Ashenzari.
   219 | D:1      | Reached XP level 2. HP: 19/19 MP: 4/4
   711 | D:1      | Reached skill level 5 in Hexes
   861 | D:2      | Noticed Robin
   883 | D:2      | Reached XP level 3. HP: 21/24 MP: 6/6
   886 | D:2      | Reached skill level 5 in Stealth
   933 | D:2      | Killed Robin
  1226 | D:2      | Noticed Sigmund
  1484 | D:2      | Learned a level 3 spell: Confuse
  1605 | D:2      | Reached XP level 4. HP: 21/30 MP: 8/8
  1680 | D:2      | Noticed Crazy Yiuf
  1684 | D:2      | Killed Crazy Yiuf
  2424 | D:2      | Reached skill level 6 in Hexes
  2424 | D:2      | Reached XP level 5. HP: 29/35 MP: 9/9
  2775 | D:3      | Found a shadowy altar of Dithmenos.
  3009 | D:3      | Found a white marble altar of Elyvilon.
  3325 | D:4      | Found Puffeul's Antique Armour Shop.
  3348 | D:4      | Noticed a moth of wrath
  3354 | D:4      | Found a bloodstained altar of Trog.
  3510 | D:4      | Reached XP level 6. HP: 28/41 MP: 8/12
  3605 | D:4      | Noticed Pikel
  3605 | D:4      | Noticed a slave
  3605 | D:4      | Noticed a slave
  3617 | D:4      | Noticed a slave
  3619 | D:4      | Killed Pikel
  3619 | D:4      | Reached skill level 1 in Slings
  3619 | D:4      | Reached skill level 7 in Stealth
  3619 | D:4      | Reached XP level 7. HP: 45/47 MP: 4/15
  3624 | D:4      | Noticed a freed slave
  3918 | D:4      | Killed a freed slave
  3919 | D:4      | Found a shimmering altar of Xom.
  3991 | D:4      | Noticed Eustachio
  3993 | D:4      | Killed Eustachio
  4029 | D:4      | Noticed Menkaure
  4033 | D:4      | Killed Menkaure
  4033 | D:4      | Reached skill level 8 in Stealth
  4033 | D:4      | Reached XP level 8. HP: 53/53 MP: 14/18
  4204 | D:4      | Noticed Prince Ribbit
  4212 | D:4      | Killed Prince Ribbit
  4212 | D:4      | Reached skill level 1 in Fighting
  4331 | D:4      | Noticed Blork the orc
  4341 | D:4      | Killed Blork the orc
  4530 | D:5      | Entered Level 5 of the Dungeon
  4557 | D:5      | Learned a level 2 spell: Sure Blade
  4561 | D:5      | Learned a level 3 spell: Dazzling Spray
  4616 | D:5      | Reached skill level 5 in Spellcasting
  4673 | D:5      | Reached skill level 9 in Stealth
  5217 | D:5      | Reached skill level 5 in Dodging
  5331 | D:6      | Reached skill level 1 in Unarmed Combat
  5719 | D:6      | Reached XP level 9. HP: 47/61 MP: 3/21
  5865 | D:6      | Found a sparkling altar of Nemelex Xobeh.
  5981 | D:6      | Found a staircase to the Ecumenical Temple.
  5989 | Temple   | Entered the Ecumenical Temple
  6150 | D:6      | Found a blossoming altar of Fedhas.
  6653 | D:7      | Reached skill level 10 in Stealth
  6682 | D:7      | Found an ancient bone altar of Kikubaaqudgha.
  6964 | D:7      | Reached skill level 10 in Hexes
  7440 | D:8      | Learned a level 4 spell: Enslavement
  7589 | D:8      | Reached skill level 11 in Stealth
  7607 | D:8      | Noticed Joseph
  7629 | D:8      | Killed Joseph
  7766 | D:8      | Reached XP level 10. HP: 68/68 MP: 24/24
  8454 | D:8      | Reached skill level 1 in Armour
  8666 | D:8      | Noticed Gastronok
  8674 | D:8      | Killed from afar by Gastronok

Action                   |  1- 3 |  4- 6 |  7- 9 | 10-12 || total
-------------------------+-------+-------+-------+-------++-------
Melee: Dagger            |    98 |    69 |   288 |    47 ||   502
       Unarmed           |       |       |    47 |       ||    47
 Fire: Hunting sling     |       |    10 |       |       ||    10
 Cast: Corona            |     4 |     1 |       |       ||     5
       Confuse           |       |    13 |    48 |     9 ||    70
       Sure Blade        |       |       |     3 |       ||     3
       Dazzling Spray    |       |       |     5 |     6 ||    11
 Abil: Bat Form          |     1 |     2 |     1 |     2 ||     6
       End Transformatio |     1 |     2 |     1 |     1 ||     5
  Use: Scroll            |     4 |     1 |    12 |       ||    17
       Potion            |     1 |     1 |    11 |     1 ||    14
 Stab: Sleeping          |     6 |     7 |    24 |     1 ||    38
       Confused          |       |     2 |    22 |     3 ||    27
       Distracted        |       |       |       |     1 ||     1
       Invisible         |       |       |       |     1 ||     1
